 Dungeon Crawl Stone Soup version 0.28-a0-750-g7c675f85b1 (webtiles) character file.

Game seed: 716262731690161900

863 SmokeWeed the Sneak (level 8, -1/51 HPs)
             Began as an Octopode Hedge Wizard on Oct 29, 2021.
             Slain by a centaur (2 damage)
             ... on level 5 of the Dungeon on Oct 30, 2021.
             The game lasted 00:19:52 (5111 turns).

SmokeWeed the Sneak (Octopode Hedge Wizard)         Turns: 5111, Time: 00:19:53

Health: -1/51      AC:  1    Str: 10    XL:     8   Next: 2%
Magic:  23/23      EV: 17    Int: 18    God:
Gold:   207        SH:  0    Dex: 11    Spells: 5/15 levels left

rFire   . . .      SeeInvis .   e - +3 quick blade (freeze)
rCold   . . .      Faith    .   (no shield)
rNeg    . . .      Spirit   .   b - +0 hat
rPois   .          Reflect  .   (no amulet)
rElec   .          Harm     .   n - +4 ring of evasion
rCorr   .          Rampage  .   k - ring of magical power
Will    .....                   (no ring)
Stlth   ++++......              (no ring)
HPRegen 0.17/turn               (no ring)
MPRegen 0.18/turn               (no ring)
                                (no ring)
                                (no ring)

@: no status effects
A: almost no armour, amphibious, 8 rings, camouflage 1, gelatinous body 1,
(nimble swimmer 1), tentacles
a: no special abilities


You were on level 5 of the Dungeon.
You visited 1 branch of the dungeon, and saw 5 of its levels.

You collected 207 gold pieces.

Inventory:

Hand Weapons
 a - a +0 rapier
 c - a +0 scimitar
 d - a +2 dagger of flaming
 e - a +3 quick blade of freezing (weapon)
 i - a +3 quarterstaff of chaos
 s - a +0 hunting sling of freezing
Missiles
 h - 4 javelins
Armour
 b - a +0 hat (worn)
Jewellery
 k - a ring of magical power (right tentacle)
 n - a +4 ring of evasion (left tentacle)
Wands
 r - a wand of flame (26)
Scrolls
 f - 3 scrolls of teleportation
 g - a scroll of identify
 j - a scroll of magic mapping
Potions
 l - 2 potions of curing {unknown}
 m - a potion of berserk rage {unknown}
 o - 3 potions of brilliance
 p - a potion of cancellation {unknown}
 q - a potion of flight {unknown}
 t - a potion of attraction {unknown}


   Skills:
 + Level 2.5 Fighting
 + Level 4.0 Short Blades
 + Level 3.6 Dodging
 + Level 5.3 Stealth
 + Level 4.3 Spellcasting
 + Level 1.4 Conjurations
 + Level 2.1 Summonings
 + Level 1.0 Translocations
 * Level 3.8 Poison Magic


You had 5 spell levels left.
You knew the following spells:

 Your Spells              Type           Power      Damage    Failure   Level
a - Magic Dart            Conj           36%        1d4       8%          1
b - Blink                 Tloc           14%        N/A       14%         2
c - Mephitic Cloud        Conj/Pois/Air  10%        N/A       21%         3
d - Summon Small Mammal   Summ           44%        N/A       6%          1
e - Call Imp              Summ           11%        N/A       9%          2
f - Slow                  Hex            12%        N/A       14%         1

Your spell library contained the following spells:

 Spells                   Type           Power      Damage    Failure   Level
 Foxfire                  Conj/Fire      24%        2x1d5     11%         1
 Call Canine Familiar     Summ           11%        N/A       19%         3
 Scorch                   Fire           6%         2d5       22%         2
 Gell's Gravitas          Tloc           3%         N/A       28%         3
 Lesser Beckoning         Tloc           7%         N/A       28%         3
 Summon Guardian Golem    Hex/Summ       7%         N/A       28%         3
 Teleport Other           Tloc           7%         N/A       28%         3
 Conjure Flame            Conj/Fire      6%         6-21      32%         3
 Inner Flame              Hex/Fire       3%         N/A       41%         3
 Flame Wave               Conj/Fire      6%         3d4       71%         4
 Summon Cactus Giant      Summ           5%         N/A       100%        6


Dungeon Overview and Level Annotations

Branches:
Dungeon (5/15)
 Temple: D:4-7

Altars:
Hepliaklqana

Shops:
D:1 !


Innate Abilities, Weirdness & Mutations

You cannot wear most types of armour.
You are amphibious.
You can wear up to eight rings at the same time.
Your skin changes colour to match your surroundings (Stealth+).
Your rubbery body absorbs attacks. (AC +1, EV +1)
((You are camouflaged near water. (Stealth+)))
You have tentacles for arms and can constrict up to eight enemies at once.


Message History

You impale the yak!! You freeze the yak!
The yak is heavily wounded.
The centaur shouts!
You hit the yak. You freeze the yak. You squeeze the yak, but do no damage.
The yak is severely wounded.
The yak gores you!
You barely miss the yak.
The yak is severely wounded.
The centaur misses you.
The centaur kicks you but does no damage.
You hit the yak but do no damage.
The yak is severely wounded.
The centaur hits you. The centaur kicks you. The yak gores you!
You hit the yak. You freeze the yak. You squeeze the yak.
The yak is almost dead.
The centaur closely misses you. The centaur misses you.
You hit the yak. You freeze the yak.
The yak is almost dead.
The yak gores you.
* * * LOW HITPOINT WARNING * * *
The centaur misses you. x2
You barely miss the yak.
The yak is almost dead.
You hit the yak. You freeze the yak.
You kill the yak!
The centaur hits you.
* * * LOW HITPOINT WARNING * * *
The centaur closely misses you.
Your Short Blades skill increases to level 4!
Your Summonings skill increases to level 2!
You have reached level 8!
You hit the centaur. You freeze the centaur.
The centaur is lightly wounded.
The centaur closely misses you. x2
You hit the centaur but do no damage.
The centaur is lightly wounded.
The centaur hits you!
* * * LOW HITPOINT WARNING * * *
The centaur kicks you.
You die...

......######+#.# #.....#....
......#........##################
......#..........................
......#..........................
......#†.....#.##################
''#####.######.#......#.....#....
.....##.# ####.#......#.....#....
.....##.# #....#'###..#..#..#..#.
..#..#..###.####@c!#..#..#..#..#.
.....+.........#.|.#..)..#.....#.
.....+.####.##.#($!#.....#....)#.
..#..#.........##################
.....#......#### .....#.######
''####.# .......# ########


You could see a centaur.

Vanquished Creatures
  A yak (D:5)
  A black bear (D:5)
  2 scorpions
  2 bullfrog zombies (D:5)
  An orc priest (D:5)
  A centaur skeleton (D:4)
  A hound (D:4)
  Crazy Yiuf (D:5)
  A jelly (D:5)
  3 orc wizards
  An iguana (D:4)
  A hound zombie (D:5)
  A hound skeleton (D:4)
  3 gnolls (D:4)
  3 adders
  A shadow imp (D:5)
  A white imp (D:5)
  2 worms
  2 dart slugs
  6 orcs
  5 ball pythons
  An endoplasm (D:2)
  6 giant cockroaches
  4 goblins
  8 hobgoblins
  3 jackals (D:1)
  5 quokkas
  6 bats
  A frilled lizard (D:3)
  8 kobolds
  5 rats
87 creatures vanquished.

Vanquished Creatures (collateral kills)
  An orc (D:5)
1 creature vanquished.

Vanquished Creatures (others)
  A goblin (D:4)
1 creature vanquished.

Grand Total: 89 creatures vanquished

Notes
Turn   | Place    | Note
-------+----------+-------------------------------------------
     0 | D:1      | SmokeWeed the Octopode Hedge Wizard began the quest for the
                  | Orb.
     0 | D:1      | Reached XP level 1. HP: 11/11 MP: 4/4
    60 | D:1      | Reached skill level 3 in Stealth
   422 | D:1      | Reached XP level 2. HP: 17/17 MP: 6/6
   432 | D:1      | Reached skill level 4 in Stealth
   717 | D:1      | Found a faded altar of an unknown god.
   735 | D:1      | Reached skill level 1 in Fighting
   789 | D:1      | Reached XP level 3. HP: 16/23 MP: 7/7
  1204 | D:1      | Found Ranawnaf's Distillery.
  1293 | D:2      | Learned a level 2 spell: Blink
  1297 | D:2      | Learned a level 3 spell: Mephitic Cloud
  1674 | D:2      | Found a hazy altar of Hepliaklqana.
  1922 | D:2      | Reached skill level 1 in Short Blades
  2862 | D:3      | Reached XP level 4. HP: 26/29 MP: 8/8
  3087 | D:4      | Identified a scroll of acquirement
  3087 | D:4      | Acquired a +3 quick blade
  3131 | D:4      | Reached XP level 5. HP: 23/34 MP: 9/9
  3217 | D:4      | Reached skill level 1 in Poison Magic
  3277 | D:4      | Reached XP level 6. HP: 30/39 MP: 11/11
  3338 | D:4      | Learned a level 1 spell: Summon Small Mammal
  3341 | D:4      | Learned a level 2 spell: Call Imp
  3344 | D:4      | Learned a level 1 spell: Slow
  4046 | D:5      | Entered Level 5 of the Dungeon
  4133 | D:5      | Upgraded the game from 0.28-a0-730-g892d06dc2c to
                  | 0.28-a0-750-g7c675f85b1
  4439 | D:5      | Found a runed translucent door.
  4440 | D:5      | Noticed Crazy Yiuf
  4534 | D:5      | Killed Crazy Yiuf
  4621 | D:5      | Noticed a black bear
  4627 | D:5      | Killed a black bear
  4628 | D:5      | Reached skill level 5 in Stealth
  4628 | D:5      | Reached XP level 7. HP: 45/45 MP: 12/12
  5099 | D:5      | Noticed a yak
  5109 | D:5      | Killed a yak
  5110 | D:5      | Reached XP level 8. HP: 8/51 MP: 14/14
  5111 | D:5      | HP: 1/51 [centaur (7)]
  5111 | D:5      | Slain by a centaur

Illustrated notes

Levels and vault maps discovered:
D:1:      dpeg_arrival_rooms_b, layout_loops_ring,
          hellmonk_ecumenical_altar_lost_god, serial_shops, nicolae_square_shop
D:2:      layout_basic, basic_altar, corexii_leaking_fountain,
          minmay_misc_feat_more_columns
D:3:      layout_basic
D:4:      layout_rooms, amethyst_killhole
D:5:      kennysheep_windowed_halls, layout_basic, temple_hall, serial_glass,
          glass_columns_c, glass_columns_a, kennysheep_generic_room_5,
          uniq_crazy_yiuf_cottage

Skill      XL: |  1  2  3  4  5  6  7 |
---------------+----------------------+-----
Stealth        | 3 4 5 |  5.3
Fighting       | 1 2 |  2.5
Short Blades   | 1 2 3 4 |  4.0
Dodging        | 3 |  3.6
Poison Magic   | 1 2 3 |  3.8
Spellcasting   | 4 |  4.3
Summonings     | 2 |  2.1
Conjurations   | |  1.4
Translocations | |  1.0

Action                   |  1- 3 |  4- 6 |  7- 9 || total
-------------------------+-------+-------+-------++-------
Melee: Dagger            |    82 |     7 |       ||    89
       Constrict         |    21 |    17 |     7 ||    45
       Tentacles         |    11 |    16 |    11 ||    38
       Quick blade       |       |    68 |    43 ||   111
 Cast: Magic Dart        |    11 |    44 |       ||    55
       Call Imp          |       |     4 |     1 ||     5
       Summon Small Mamm |       |     3 |       ||     3
  Use: Scroll            |       |    10 |       ||    10
       Potion            |       |     1 |       ||     1
 Stab: Sleeping          |    11 |     3 |     3 ||    17
Armor: Skin              |     5 |     1 |     2 ||     8
Dodge: Dodged            |    46 |    37 |    27 ||   110

Table legend: (Time is in decaauts)
 A = Elapsed time spent in this place.
 B = Non-inter-level travel time spent in this place.
 C = Inter-level travel time spent in this place.
 D = Time resting spent in this place.
 E = Time spent auto-exploring this place.
 F = Levels seen in this place.
 G = Mean time per level.
                   A        B        C        D        E       F      G
               +--------+--------+--------+--------+--------+-----+--------+
         Total |   5058 |   4970 |     88 |    760 |   3216 |   5 | 1011.6 |
       Dungeon |   5058 |   4970 |     88 |    760 |   3216 |   5 | 1011.6 |
               +--------+--------+--------+--------+--------+-----+--------+

Top non-repeatable levels by time:
     D:1: 1285 daAuts
     D:2: 1172 daAuts
     D:5: 1037 daAuts
     D:4: 962 daAuts
     D:3: 601 daAuts
